 Dungeon Crawl Stone Soup version 0.16-a0-3308-g116f5c4 (webtiles) character file.

32 PolkaDot the Caller (level 3, 0/28 HPs)
             Began as a Vampire Summoner on Dec 26, 2014.
             Slain by an adder (3 damage)
             ... on level 2 of the Dungeon.
             The game lasted 00:07:07 (1352 turns).

PolkaDot the Caller (Vampire Summoner)              Turns: 1352, Time: 00:07:07

Health: 0/28       AC:  2    Str:  7    XL:     3   Next: 8%
Magic:  6/6        EV: 12    Int: 18    God:
Gold:   85         SH:  0    Dex: 14    Spells: 3 memorised, 0 levels left

rFire  . . .     SeeInvis +     g - +0 dagger
rCold  . . .     Clarity  .     a - +0 robe
rNeg   . . .     SustAb   .     (no shield)
rPois  .         Gourm    .     (no helmet)
rElec  .         Spirit   .     (no cloak)
rCorr  .         Warding  .     (no gloves)
rMut   .         Stasis   .     (no boots)
MR     .....                    (no amulet)
Stlth  +.........               (no ring)
                                (no ring)

@: confused, lethally poisoned, regenerating very quickly, not resistant to
hostile enchantments, very unstealthy
A: bottle blood, fangs 3, see invisible, unbreathing
a: no special abilities


You were on level 2 of the Dungeon.
You were almost alive.

You visited 1 branch of the dungeon, and saw 2 of its levels.

You collected 85 gold pieces.

Inventory:

Hand weapons
 g - a +0 dagger (weapon)
Armour
 a - a +0 robe (worn)
Scrolls
 c - a scroll of recharging {unknown}
 e - 2 scrolls of teleportation {unknown}
 h - 2 scrolls of enchant armour {unknown}
 i - a scroll of magic mapping {unknown}
Potions
 f - a potion of might {unknown}
 j - a potion of cancellation {unknown}
 k - a potion of blood {@*1}
Books
 b - a book of Callings

   Spells                             Type                      Level
   a - Summon Small Mammal            Summoning                    1
   b - Call Imp                       Summoning                    2
   c - Call Canine Familiar           Summoning                    3
   d - Summon Guardian Golem          Hexes/Summoning              4
   e - Summon Lightning Spire         Summoning/Air                4
   f - Summon Ice Beast               Ice/Summoning                4


   Skills:
 * Level 2.3 Fighting
 - Level 2.1 Dodging
 - Level 3.0 Stealth
 - Level 2.0 Spellcasting
 + Level 4.1 Summonings


You couldn't memorise any spells.
You knew the following spells:

 Your Spells              Type           Power        Failure   Level  Hunger
d - Call Canine Familiar  Summ           ###.....     12%         3    ###....
s - Call Imp              Summ           ###.....     6%          2    ###....
z - Summon Small Mammal   Summ           ###.         3%          1    #......


Dungeon Overview and Level Annotations

Branches:
Dungeon (2/15)

Altars:

Annotations:
D:2 Robin


Innate Abilities, Weirdness & Mutations

Your natural rate of healing is extremely fast.
You can bottle blood from corpses.
You have razor-sharp teeth.
You have supernaturally acute eyesight.
You can survive without breathing.


Message History

* * * LOW HITPOINT WARNING * * *
The hobgoblin closely misses you. The goblin misses you.
The adder bites you but does no damage.
Robin roars a battlecry!
The goblins go into a battle-frenzy!
Robin zaps a wand.
You are more confused.
You miss the adder. The giant cockroach bites you.
* * * LOW HITPOINT WARNING * * *
The adder barely misses you. The goblin hits you with a club.
* * * LOW HITPOINT WARNING * * *
The goblin hits you with a dagger.
* * * LOW HITPOINT WARNING * * *
The hobgoblin hits you with a club.
* * * LOW HITPOINT WARNING * * *
The giant cockroach bites you but does no damage.
Robin hits you with a whip.
* * * LOW HITPOINT WARNING * * *
You hit the goblin but do no damage. The adder bites you.
You die...

................# #.
.................###.
......................
#.............#........
......................
#.#.#?#.#.#............
#......................
##.#g#S#.#............
#...g@sbg......#######
##.#g#g#.#........†...
#.....ggg......##.....
##.#.#<#.#..g..#......
#..........##..#......
##.#.#.#.#....>...#+#.
#....................
####....g........#<..
#.............#...


You could see Robin, an adder, a giant cockroach, 2 hobgoblins, 5 goblins and a
bat.

Vanquished Creatures
  2 giant cockroaches (D:2)
  3 goblins (D:1)
  A hobgoblin (D:1)
  A kobold (D:1)
  A quokka (D:2)
  4 bats
  4 giant newts
  2 rats (D:1)
18 creatures vanquished.

Vanquished Creatures (collateral kills)
  A giant mite (D:1)
  A giant gecko (D:1)
  4 bats (D:1)
  2 goblins (D:1)
  2 hobgoblins (D:1)
  3 kobolds (D:1)
  A giant cockroach (D:1)
14 creatures vanquished.

Vanquished Creatures (others)
  A quokka (D:1)
  A rat (D:1)
2 creatures vanquished.

Grand Total: 34 creatures vanquished

Notes
Turn   | Place    | Note
--------------------------------------------------------------
     0 | D:1      | PolkaDot, the Vampire Summoner, began the quest for the Orb.
     0 | D:1      | Reached XP level 1. HP: 13/13 MP: 3/3
   178 | D:1      | Reached skill level 1 in Fighting
   183 | D:1      | Reached XP level 2. HP: 11/21 MP: 0/4
   629 | D:1      | Learned a level 2 spell: Call Imp
   867 | D:2      | Noticed Robin
  1217 | D:2      | Reached XP level 3. HP: 25/27 MP: 6/6
  1224 | D:2      | Learned a level 3 spell: Call Canine Familiar
  1352 | D:2      | Slain by an adder

Action                   || total
-------------------------++-------
Melee: Unarmed           ||    72
       Dagger            ||    61
 Cast: Summon Small Mamm ||    23
  Use: Potion            ||     5
 Stab: Sleeping          ||     4
  Eat: Corpse            ||    10
